 Dungeon Crawl Stone Soup version 0.19.1 (webtiles) character file.

308 Angani the Cudgeler (level 6, -3/47 HPs)
             Began as a Demonspawn Chaos Knight on Dec 22, 2016.
             Killed by nerve-wracking pain
             ... invoked by Grinder
              (10 damage)
             ... on level 3 of the Dungeon.
             The game lasted 00:07:51 (1695 turns).

Angani the Cudgeler (Demonspawn Chaos Knight)       Turns: 1695, Time: 00:07:53

Health: -3/47      AC: 11    Str: 15    XL:     6   Next: 17%
Magic:  6/6        EV:  1    Int: 13    God:    Xom [......]
Gold:   115        SH:  7    Dex: 12    Spells: 0 memorised, 5 levels left

rFire  . . .     SeeInvis .     a - +1 mace (chaos)
rCold  . . .     Gourm    .     g - +0 plate armour (curse)
rNeg   . . .     Faith    .     e - +0 shield
rPois  .         Spirit   .     (helmet restricted)
rElec  .         Reflect  .     (no cloak)
rCorr  .         Harm     .     (no gloves)
MR     .....                    (no boots)
Stlth  ..........               f - amulet of regeneration
                                (no ring)
                                (no ring)

@: no status effects
A: antennae 2, claws 1
a: Renounce Religion


You were on level 3 of the Dungeon.
You worshipped Xom.
You were a very special plaything of Xom.
You were not hungry.

You visited 1 branch of the dungeon, and saw 3 of its levels.

You collected 115 gold pieces.

Inventory:

Hand Weapons
 a - a +1 mace of chaos (weapon)
Armour
 b - a +2 leather armour
 e - a +0 shield (worn)
 g - a cursed +0 plate armour (worn)
Jewellery
 f - an amulet of regeneration (around neck)
Scrolls
 h - a scroll of teleportation {unknown}
 i - a scroll of amnesia
 j - a scroll of recharging {unknown}
 l - a scroll of identify {unknown}
 m - a scroll of enchant weapon
Comestibles
 c - 2 bread rations
 k - 2 meat rations


   Skills:
 - Level 3.0 Fighting
 - Level 5.6 Maces & Flails
 + Level 3.3 Armour
 - Level 0.8 Dodging


You had 5 spell levels left.
You didn't know any spells.

Dungeon Overview and Level Annotations

Branches:
Dungeon (3/15)

Altars:
Trog

Annotations:
D:3 Grinder


Innate Abilities, Weirdness & Mutations

You have a pair of antennae on your head.
You have sharp fingernails.


Message History

Pain shoots through your body!
* * * LOW HITPOINT WARNING * * *
You feel better. Grinder hits you.
* * * LOW HITPOINT WARNING * * *
You writhe in agony.
* * * LOW HITPOINT WARNING * * *
You aren't carrying any items that you can evoke.
Unknown command.
Unknown command.
You hit Grinder.
Grinder is severely wounded.
You block Grinder's attack.
Unknown command.
Your shield and plate armour prevent you from hitting Grinder.
Grinder is severely wounded.
You block Grinder's attack. Grinder gestures at you.
Pain shoots through your body!
You die...
Xom laughs nastily!

#...........### ..##
#.?..........#.#
#.........##...#
#.....(.).......
#...)..(..######
#.......r.# #
###.#.####.#########
#).†#.# #..........
#......#@..#
..r..##...
.......5.....#
###.....##
.#.(####....##
#.{..# # ##
..##..###.##.## #
.## #.#...##§§# # .#
.#.#####§#### .
#..{# #§§... ..
#...# ##...# ...#.#
#....


You could see Grinder.

Vanquished Creatures
  2 boggarts
  2 orc priests (D:3)
  2 adders (D:2)
  3 worms (D:2)
  3 dart slugs
  A leopard gecko (D:1)
  2 orcs (D:3)
  2 ball pythons
  5 giant cockroaches
  4 goblins
  4 hobgoblins
  2 jackals
  5 kobolds
  2 quokkas (D:3)
  3 bats
  2 frilled lizards (D:1)
  12 rats
56 creatures vanquished.

Notes
Turn   | Place    | Note
-------+----------+-------------------------------------------
     0 | D:1      | Angani the Demonspawn Chaos Knight began the quest for the Orb.
     0 | D:1      | Reached XP level 1. HP: 18/18 MP: 1/1
     4 | D:1      | Noticed a boggart
     4 | D:1      | a giant cockroach changed into a boggart
     6 | D:1      | XOM: potion effect (berserk rage)
     9 | D:1      | Killed a boggart
     9 | D:1      | Reached skill level 4 in Maces & Flails
     9 | D:1      | Gained mutation: You have a pair of small antennae on your head. [demonic ancestry]
     9 | D:1      | Reached XP level 2. HP: 24/24 MP: 2/2
     9 | D:1      | Gained mutation: You have sharp fingernails. [demonic ancestry]
     9 | D:1      | Reached XP level 3. HP: 29/29 MP: 3/3
     9 | D:1      | Gained mutation: You have a pair of antennae on your head. [demonic ancestry]
     9 | D:1      | Reached XP level 4. HP: 35/35 MP: 4/4
   131 | D:1      | XOM: silly message
   410 | D:1      | XOM: mild Chrm miscast
   695 | D:2      | Noticed a boggart
   695 | D:2      | a worm changed into a boggart
   699 | D:2      | XOM: confuse monster(s)
   704 | D:2      | Killed a boggart
   704 | D:2      | Reached skill level 5 in Maces & Flails
   704 | D:2      | Reached XP level 5. HP: 41/41 MP: 5/5
  1082 | D:2      | XOM: enchant monster (bad)
  1133 | D:2      | Found a faded altar of an unknown god.
  1153 | D:2      | Noticed a moth of wrath
  1156 | D:2      | Found a bloodstained altar of Trog.
  1357 | D:3      | Noticed Grinder
  1370 | D:3      | XOM: cleaving
  1377 | D:2      | XOM: noise
  1417 | D:3      | Paralysed by Grinder for 4 turns
  1426 | D:3      | Paralysed by Grinder for 4 turns
  1429 | D:3      | XOM: enchant monster (bad)
  1436 | D:3      | XOM: mild Conj miscast
  1544 | D:2      | XOM: summons 2 hostile demons
  1598 | D:3      | Reached XP level 6. HP: 47/47 MP: 6/6
  1599 | D:3      | XOM: 1-stop teleportation journey
  1668 | D:3      | Paralysed by Grinder for 2 turns
  1695 | D:3      | Killed from afar by Grinder

Skill      XL: |  1  2  3  4  5 |
---------------+----------------+-----
Maces & Flails | 4 5 |  5.6
Armour         | 3 |  3.3
Fighting       | |  3.0
Dodging        | |  0.8

Action                   |  1- 3 |  4- 6 || total
-------------------------+-------+-------++-------
Melee: Mace              |     7 |   204 ||   211
  Use: Potion            |       |     5 ||     5
       Scroll            |       |     4 ||     4
 Stab: Petrified         |       |     1 ||     1
  Eat: Chunk             |       |     3 ||     3
Armor: Leather armour    |     4 |    12 ||    16
       Plate armour      |       |   119 ||   119
Dodge: Dodged            |     4 |    25 ||    29
Block: Shield            |       |    54 ||    54
